Map: Odyssey LE

Players

EvlDmon - Winner!

  • Race: Zerg Zerg
  • League: Silver
  • Spawn Location: 11:00

A.I. 1 (Very Easy)

  • Race: Protoss Protoss
  • Spawn Location: 5:00

VOD

https://www.youtube.com/watch?v=OYOMelAU9LU&t=614s

Description

this is a timing build made by scarlet, she says its poop, but lowko liked it enough to perfect it

Time

  • Played on: Dec. 15, 2017, 12:29 p.m.
  • Length: 7:47
Show
View Real Time Build Order
Export as new Build Order

EvlDmon Zerg - Winner!

Build Orders: Hatch First 

Get SALT Encoding   

  12  0:00  Drone  
  13  0:12  Overlord  
  13  0:17  Drone  
  14  0:30  Drone  
  14  0:31  Drone  
  14  0:34  Drone  
  17  0:51  Drone  
  17  0:55  Hatchery  
  17  0:59  Drone  
  17  1:02  Extractor  
  17  1:15  Spawning Pool  
  17  1:18  Drone  
  17  1:21  Drone  
  18  1:28  Drone  
  19  1:38  Overlord  
  19  1:50  Drone  
  20  2:00  Drone  
  21  2:01  Metabolic Boost  
  21  2:02  Queen  
  23  2:09  Zergling x2  
  23  2:10  Queen  
  23  2:14  Zergling x2  
  27  2:18  Drone  
  27  2:21  Drone  
  29  2:28  Drone  
  30  2:32  Drone  
  31  2:38  Queen  
  31  2:40  Drone  
  31  2:43  Overlord  
  34  2:50  Drone  
  34  2:58  Drone  
  35  3:07  Drone x2  
  35  3:11  Hatchery  
  36  3:14  Drone x4  
  36  3:18  Zergling x4  
  43  3:20  Drone  
  43  3:24  Overlord  
  43  3:27  Lair  
  43  3:32  Extractor, Drone  
  44  3:35  Spore Crawler  
  44  3:37  Extractor  
  44  3:38  Drone  
  44  3:49  Drone x3  
  44  3:50  Drone x2  
  44  3:53  Spore Crawler  
  48  3:56  Extractor, Drone  
  48  3:59  Extractor  
  47  4:06  Drone x2  
  49  4:18  Drone x2  
  49  4:19  Overlord  
  51  4:28  Drone  
  51  4:29  Drone x5  
  54  4:33  Zergling x2  
  54  4:38  Drone x2  
  57  4:42  Drone  
  57  4:44  Hydralisk Den  
  57  4:47  Extractor  
  57  4:51  Drone x3  
  59  5:11  Spore Crawler  
  59  5:13  Muscular Augments  
  58  5:14  Hydralisk x4  
  58  5:15  Overlord  
  58  5:16  Overlord  
  58  5:17  Overlord  
  66  5:37  Hydralisk x7  
  66  5:38  Hydralisk  
  82  5:49  Hydralisk x2  
  83  5:52  Hatchery  
  84  5:58  Hydralisk x2  
  88  6:13  Overseer  
  88  6:16  Hydralisk  
  90  6:21  Overlord x4  
  88  6:38  Hydralisk  
  90  6:52  Drone  
  90  6:53  Drone x13  
  90  6:54  Drone x2  
  106  6:56  Queen x3  
  106  6:58  Drone x3  
  106  6:59  Drone x5  
  120  7:03  Overlord  
  120  7:16  Zergling x2  
  120  7:17  Zergling x10  
Show
View Real Time Build Order
Export as new Build Order

A.I. 1 (Very Easy) Protoss 

Build Orders: 1 Gate Expand, Nexus First 

Get SALT Encoding   

  12  0:00  Probe  
  13  0:13  Probe  
  14  0:20  Pylon  
  14  0:42  Gateway  
  14  1:02  Nexus  
  14  1:20  Pylon  
  14  1:22  Assimilator  
  14  1:29  Zealot  
  16  1:35  Cybernetics Core  
  16  1:36  Probe  
  17  1:49  Probe  
  18  1:59  Assimilator  
  18  2:01  Probe  
  19  2:13  Probe, Stalker  
  22  2:15  Probe  
  23  2:25  Probe  
  23  2:27  Warp Gate  
  24  2:30  Probe  
  25  2:37  Probe  
  26  2:56  Probe  
  27  3:02  Pylon  
  27  3:03  Probe  
  28  3:06  Assimilator  
  28  3:10  Probe  
  28  3:11  Robotics Facility  
  29  3:24  Zealot  
  29  3:25  Probe  
  32  3:32  Probe  
  33  3:39  Probe  
  34  3:46  Probe  
  35  3:53  Probe  
  36  3:59  Observer  
  36  4:00  Probe  
  38  4:08  Probe  
  39  4:14  Assimilator  
  39  4:15  Probe  
  40  4:21  Observer  
  40  4:22  Probe  
  42  4:29  Probe  
  43  4:35  Stalker  
  43  4:36  Probe  
  46  4:44  Probe  
  47  4:47  Pylon  
  47  4:51  Probe  
  48  4:58  Probe  
  49  5:05  Probe  
  50  6:29  Zealot  
  42  6:53  Probe  
  37  7:04  Pylon  
  37  7:05  Probe  
  28  7:18  Probe  
  17  7:31  Pylon  
Tags
 
Add a new tag
Caveats
  • Supply blocks, unpowered buildings, or Contaminate may cause inaccurate times.
  • Supply counts are checked every 10 seconds.